Map: Santuários de Lizul

Players

Forgotten

  • Race: Terran Terran
  • League: Gold
  • Spawn Location: 12:00

Punk

  • Race: Protoss Protoss
  • League: Platinum
  • Spawn Location: 3:00

DuckKiller - Winner!

  • Race: Protoss Protoss
  • League: Diamond
  • Spawn Location: 6:00

efelinto - Winner!

  • Race: Protoss Protoss
  • League: Diamond
  • Spawn Location: 9:00

VOD

Have the link to the VOD?

Description

Time

  • Played on: April 16, 2017, 2:03 p.m.
  • Length: 13:36
Show
View Real Time Build Order
Export as new Build Order

Forgotten Terran 

Build Orders: Cyclone Opening, Mech 

Get SALT Encoding   

  12  0:01  SCV  
  13  0:13  SCV  
  14  0:19  Supply Depot  
  14  0:25  SCV  
  15  0:41  SCV  
  16  0:42  Barracks  
  16  0:47  Refinery  
  16  0:55  SCV  
  17  1:07  SCV  
  18  1:22  SCV  
  19  1:26  Refinery  
  20  1:42  Orbital Command  
  19  1:54  Supply Depot, Marine  
  20  2:03  Factory  
  20  2:12  SCV  
  21  2:17  Factory  
  21  2:21  Marine  
  22  2:24  SCV  
  22  2:29  Supply Depot  
  23  2:37  SCV  
  24  2:49  SCV  
  25  2:51  Cyclone  
  25  2:56  Marine  
  29  3:00  Bunker  
  29  3:15  Cyclone  
  31  3:23  Supply Depot  
  31  3:26  Cyclone  
  34  3:45  Command Center  
  34  3:52  Cyclone  
  37  4:18  Factory Tech Lab  
  37  4:19  SCV  
  38  4:24  Engineering Bay  
  29  5:10  Factory Reactor, Siege Tank  
  29  5:12  Infernal Pre-Igniter  
  32  5:15  Factory  
  32  5:16  SCV  
  33  5:21  Missile Turret  
  32  5:29  SCV  
  32  5:34  Orbital Command  
  33  5:43  SCV  
  34  5:52  Missile Turret  
  34  5:55  SCV  
  35  5:59  Widow Mine x2  
  35  6:02  Factory Tech Lab  
  39  6:07  Armory  
  39  6:08  SCV  
  39  6:09  SCV  
  41  6:30  Siege Tank  
  41  6:31  Siege Tank  
  47  6:33  Widow Mine  
  47  6:34  SCV x2  
  51  6:41  Supply Depot  
  51  6:46  SCV  
  50  6:56  Missile Turret  
  48  7:02  SCV x2  
  49  7:14  SCV x2  
  49  7:15  Siege Tank x2  
  57  7:26  SCV x2  
  59  7:33  Terran Vehicle Weapons Level 1  
  59  7:46  SCV x2  
  59  7:51  Supply Depot  
  61  7:55  Refinery  
  61  8:02  Hellbat  
  61  8:03  Armory  
  63  8:05  Supply Depot  
  63  8:06  SCV x2  
  62  8:21  SCV x2  
  64  8:30  Thor  
  64  8:32  Siege Tank  
  77  8:34  Hellbat x2  
  77  8:35  SCV  
  78  8:53  Terran Vehicle And Ship Armor Level 1  
  78  8:54  SCV x2  
  80  8:58  Refinery  
  80  9:13  Command Center, SCV x2  
  82  9:59  Supply Depot  
  82  10:01  Terran Vehicle Weapons Level 2  
  82  10:02  Supply Depot, SCV  
  82  10:03  SCV  
  84  10:12  Supply Depot  
  84  10:19  Factory  
  84  10:20  Thor  
  84  10:21  Siege Tank  
  93  10:30  Drilling Claws  
  93  10:48  SCV  
  93  10:49  SCV  
  95  10:52  Thor, Hellbat x2  
  95  10:53  Terran Vehicle And Ship Armor Level 2  
  105  11:00  SCV  
  105  11:01  Supply Depot, SCV  
  107  11:05  Factory Tech Lab  
  107  11:07  Supply Depot  
  107  11:10  Thor  
  113  11:13  SCV  
  114  11:19  Refinery  
  114  11:33  SCV x2  
  114  11:34  Refinery  
  116  11:52  Supply Depot, SCV  
  116  11:53  SCV x2  
  119  11:58  Supply Depot  
  119  12:00  Missile Turret  
  119  12:02  Thor  
  119  12:03  Siege Tank  
  119  12:05  Siege Tank, SCV  
  119  12:06  Hellbat x2  
  136  12:34  SCV x2  
  138  12:39  SCV  
  138  12:40  Siege Tank  
  142  12:46  SCV  
  142  12:50  Ghost Academy, Barracks Tech Lab  
  143  12:53  SCV x2  
  143  12:54  Supply Depot  
  143  12:55  Supply Depot, Starport  
  145  12:58  SCV  
  145  13:05  SCV  
Show
View Real Time Build Order
Export as new Build Order

Punk Protoss 

Build Orders:  

Get SALT Encoding   

  12  0:01  Probe (Chrono Boost)  
  13  0:12  Probe (Chrono Boost)  
  14  0:23  Pylon  
  14  0:24  Probe (Chrono Boost)  
  15  0:42  Probe (Chrono Boost)  
  16  0:43  Gateway  
  16  0:52  Probe (Chrono Boost)  
  17  1:00  Assimilator  
  17  1:03  Probe (Chrono Boost)  
  17  1:13  Probe (Chrono Boost)  
  18  1:24  Probe (Chrono Boost)  
  19  1:31  Cybernetics Core  
  19  1:34  Probe (Chrono Boost)  
  19  1:35  Assimilator  
  20  1:41  Pylon  
  20  1:45  Probe (Chrono Boost)  
  21  2:01  Probe (Chrono Boost)  
  22  2:08  Warp Gate  
  22  2:09  Pylon  
  22  2:14  Robotics Facility  
  22  2:21  Stalker  
  24  2:23  Probe (Chrono Boost)  
  25  2:52  Gateway  
  25  2:54  Gateway  
  25  3:04  Nexus  
  24  3:16  Immortal  
  25  3:35  Stalker  
  25  3:36  Probe (Chrono Boost)  
  25  3:41  Pylon  
  30  4:02  Observer  
  29  4:14  Probe (Chrono Boost)  
  29  4:16  Pylon  
  30  4:20  Probe (Chrono Boost)  
  30  4:22  Forge  
  31  4:29  Probe (Chrono Boost)  
  31  4:31  Probe (Chrono Boost)  
  33  4:41  Probe (Chrono Boost)  
  33  4:43  Mothership Core (Chrono Boost)  
  29  4:52  Probe (Chrono Boost)  
  29  5:02  Photon Cannon  
  30  5:07  Probe (Chrono Boost)  
  30  5:15  Probe (Chrono Boost)  
  30  5:19  Probe (Chrono Boost)  
  32  5:31  Probe (Chrono Boost)  
  32  5:34  Probe (Chrono Boost)  
  34  5:37  Stalker  
  37  5:43  Probe (Chrono Boost)  
  37  5:51  Photon Cannon  
  37  5:54  Warp Prism  
  37  5:55  Probe (Chrono Boost)  
  40  6:02  Probe (Chrono Boost)  
  41  6:06  Assimilator  
  41  6:08  Assimilator  
  35  6:27  Pylon  
  35  6:28  Probe (Chrono Boost)  
  35  6:31  Probe (Chrono Boost)  
  37  6:39  Probe (Chrono Boost)  
  38  6:40  Stalker x2  
  38  6:44  Probe (Chrono Boost)  
  43  6:48  Observer  
  43  6:49  Probe (Chrono Boost), Protoss Ground Weapons Level 1  
  45  7:02  Stalker  
  47  7:17  Probe (Chrono Boost)  
  47  7:19  Probe (Chrono Boost)  
  49  7:27  Probe (Chrono Boost)  
  50  7:32  Probe (Chrono Boost)  
  51  7:40  Twilight Council  
  51  7:44  Probe (Chrono Boost)  
  52  7:56  Probe (Chrono Boost)  
  53  8:03  Sentry x2  
  53  8:04  Blink, Stalker  
  59  8:11  Probe (Chrono Boost)  
  60  8:24  Robotics Bay  
  60  8:26  Probe (Chrono Boost), Pylon  
  61  8:30  Sentry  
  61  8:32  Stalker x2  
  67  8:38  Probe (Chrono Boost)  
  68  8:50  Probe (Chrono Boost)  
  69  8:58  Immortal  
  74  9:10  Probe (Chrono Boost)  
  74  9:11  Gateway  
  74  9:12  Gateway  
  74  9:15  Zealot x3  
  80  9:22  Probe (Chrono Boost)  
  81  9:34  Probe (Chrono Boost)  
  82  9:47  Zealot x3  
  82  9:50  Extended Thermal Lance  
  82  9:54  Observer  
  76  10:07  Probe (Chrono Boost)  
  76  10:11  Charge  
  76  10:15  Warp Prism  
  76  10:20  Probe (Chrono Boost)  
  79  10:22  Stalker x3  
  85  10:50  Pylon  
  85  10:51  Pylon  
  85  11:03  Nexus  
  85  11:06  Protoss Ground Weapons Level 2, Pylon  
  85  11:07  Probe (Chrono Boost), Colossus  
  93  11:19  Probe (Chrono Boost)  
  93  11:23  Robotics Facility  
  93  11:39  Photon Cannon  
  93  11:43  Probe (Chrono Boost)  
  94  11:52  Zealot x4  
  103  11:55  Probe (Chrono Boost)  
  103  12:01  Colossus  
  103  12:03  Probe (Chrono Boost)  
  110  12:15  Probe (Chrono Boost)  
  110  12:25  Pylon  
  106  12:32  Colossus  
  106  12:33  Forge  
  108  12:38  Probe (Chrono Boost)  
  109  12:48  Probe (Chrono Boost)  
  110  12:56  Stalker  
  110  12:57  Stalker x4  
  126  12:59  Probe (Chrono Boost)  
Show
View Real Time Build Order
Export as new Build Order

DuckKiller Protoss - Winner!

Build Orders: Oracle Opening 

Get SALT Encoding   

  12  0:02  Probe (Chrono Boost)  
  13  0:12  Probe (Chrono Boost)  
  14  0:23  Probe (Chrono Boost), Pylon  
  15  0:41  Probe (Chrono Boost)  
  16  0:46  Assimilator  
  16  0:47  Gateway  
  16  0:52  Probe (Chrono Boost)  
  16  0:55  Assimilator  
  17  1:02  Probe (Chrono Boost)  
  18  1:13  Probe (Chrono Boost)  
  19  1:24  Probe (Chrono Boost), Pylon  
  20  1:34  Probe (Chrono Boost)  
  20  1:38  Cybernetics Core  
  21  1:45  Probe (Chrono Boost)  
  22  1:57  Pylon  
  22  1:58  Probe (Chrono Boost)  
  23  2:10  Pylon, Warp Gate  
  23  2:16  Adept  
  23  2:20  Stargate  
  25  2:45  Gateway  
  26  2:52  Probe (Chrono Boost)  
  26  3:06  Oracle  
  27  3:37  Probe (Chrono Boost)  
  27  3:39  Nexus  
  27  3:40  Pylon  
  28  3:41  Oracle  
  28  3:46  Pylon  
  31  3:50  Assimilator  
  31  3:53  Assimilator  
  31  3:54  Gateway  
  31  4:12  Probe (Chrono Boost)  
  31  4:15  Gateway  
  32  4:17  Twilight Council  
  33  4:24  Probe (Chrono Boost)  
  33  4:43  Probe (Chrono Boost)  
  33  4:45  Stalker, Gateway  
  36  4:55  Probe (Chrono Boost)  
  36  4:58  Void Ray  
  41  5:12  Pylon  
  41  5:13  Probe (Chrono Boost)  
  42  5:15  Probe (Chrono Boost)  
  42  5:18  Resonating Glaives  
  43  5:28  Probe (Chrono Boost)  
  45  5:29  Probe (Chrono Boost)  
  45  5:38  Probe (Chrono Boost)  
  45  5:39  Protoss Air Weapons Level 1  
  45  5:41  Probe (Chrono Boost)  
  47  5:43  Void Ray  
  52  5:50  Probe (Chrono Boost)  
  52  5:53  Probe (Chrono Boost)  
  53  5:58  Adept  
  53  5:59  Adept  
  59  6:04  Probe (Chrono Boost)  
  59  6:05  Probe (Chrono Boost)  
  61  6:19  Probe x2 (Chrono Boost)  
  61  6:27  Adept x4  
  61  6:28  Adept  
  61  6:31  Probe (Chrono Boost)  
  61  6:32  Probe (Chrono Boost), Void Ray  
  79  7:09  Probe (Chrono Boost)  
  79  7:10  Probe (Chrono Boost)  
  76  7:16  Nexus  
  76  7:17  Adept x5  
  86  7:22  Protoss Air Armor Level 1  
  86  7:25  Gateway  
  86  7:27  Gateway  
  86  7:29  Gateway  
  86  7:33  Gateway  
  86  7:34  Gateway  
  86  8:05  Pylon  
  86  8:06  Pylon  
  86  8:08  Pylon  
  86  8:09  Pylon  
  86  8:11  Forge x2  
  86  8:19  Void Ray  
  86  8:22  Forge  
  90  8:31  Protoss Ground Armor Level 1  
  90  8:33  Protoss Ground Weapons Level 1  
  88  8:42  Adept x6  
  88  8:43  Adept x2  
  104  9:01  Templar Archives  
  104  9:02  Assimilator, Probe x2 (Chrono Boost), Void Ray  
  106  9:07  Assimilator  
  106  9:09  Adept x6  
  122  9:11  Adept  
  126  9:18  Probe x2 (Chrono Boost)  
  126  9:27  Probe (Chrono Boost)  
  126  9:30  Probe x2 (Chrono Boost)  
  129  9:37  Stalker  
  129  9:38  Stalker  
  133  9:49  Probe (Chrono Boost)  
  133  10:05  Protoss Shields Level 1  
  133  10:09  Pylon  
  133  10:11  Pylon  
  133  10:14  Pylon  
  133  10:16  Pylon  
  133  10:27  Void Ray  
  140  10:29  Probe x3 (Chrono Boost)  
  140  10:30  Adept  
  140  10:31  Protoss Ground Weapons Level 2  
  140  10:32  High Templar x3  
  148  10:40  Adept x5  
  148  10:41  Probe x2 (Chrono Boost)  
  160  10:52  Psionic Storm  
  160  11:10  Void Ray  
  164  11:22  Nexus  
  164  11:32  Pylon x2  
  164  11:33  Pylon  
  164  11:34  Pylon  
  164  11:39  Pylon  
  164  11:44  Pylon x2  
  164  11:50  High Templar x2  
  164  11:51  High Templar x6  
  164  11:52  High Templar x2  
  184  12:00  Pylon  
  184  12:02  Gateway  
  184  12:06  Pylon  
  184  12:11  Archon  
  184  12:12  Archon, Gateway  
  184  12:13  Archon  
  184  12:15  Gateway  
  184  12:17  Gateway  
  184  12:20  Assimilator  
  184  12:26  Assimilator  
  184  12:27  High Templar x3  
  184  12:28  High Templar x5, Pylon  
  200  12:33  Archon x2  
  200  12:46  Fleet Beacon  
  200  12:47  Gateway  
  200  12:49  Gateway  
  200  12:52  Pylon  
Show
View Real Time Build Order
Export as new Build Order

efelinto Protoss - Winner!

Build Orders:  

Get SALT Encoding   

  12  0:01  Probe (Chrono Boost)  
  13  0:13  Probe (Chrono Boost)  
  14  0:25  Pylon  
  14  0:26  Probe (Chrono Boost)  
  15  0:43  Probe (Chrono Boost)  
  16  0:50  Gateway  
  16  0:55  Gateway  
  16  0:58  Probe (Chrono Boost)  
  17  1:06  Assimilator  
  17  1:09  Probe (Chrono Boost)  
  18  1:30  Probe (Chrono Boost)  
  19  1:33  Assimilator  
  19  1:39  Cybernetics Core  
  19  1:40  Probe (Chrono Boost)  
  20  1:51  Probe (Chrono Boost)  
  21  2:02  Probe (Chrono Boost)  
  21  2:03  Nexus  
  21  2:07  Warp Gate  
  22  2:22  Pylon  
  22  2:36  Probe (Chrono Boost)  
  23  2:37  Stalker  
  25  2:50  Probe (Chrono Boost)  
  26  3:03  Probe (Chrono Boost)  
  26  3:04  Robotics Facility  
  27  3:15  Probe (Chrono Boost)  
  28  3:22  Probe (Chrono Boost)  
  30  3:31  Mothership Core (Chrono Boost)  
  30  3:33  Probe (Chrono Boost)  
  32  3:43  Probe (Chrono Boost)  
  32  3:47  Pylon  
  33  3:49  Assimilator  
  33  3:51  Assimilator, Probe (Chrono Boost)  
  33  3:52  Observer  
  33  3:54  Probe (Chrono Boost)  
  36  3:58  Stargate  
  37  4:03  Probe (Chrono Boost)  
  37  4:05  Probe (Chrono Boost)  
  38  4:13  Immortal  
  38  4:15  Probe (Chrono Boost)  
  43  4:27  Stalker x2  
  47  4:32  Gateway  
  47  4:34  Gateway  
  47  4:36  Probe (Chrono Boost), Stargate  
  48  4:42  Probe (Chrono Boost)  
  49  4:47  Probe (Chrono Boost)  
  50  4:53  Probe (Chrono Boost)  
  51  5:07  Zealot  
  51  5:13  Pylon  
  53  5:15  Pylon  
  53  5:16  Pylon  
  53  5:18  Pylon  
  53  5:27  Probe (Chrono Boost)  
  54  5:31  Probe (Chrono Boost)  
  54  5:34  Zealot x2  
  59  5:38  Probe (Chrono Boost), Oracle  
  59  5:41  Probe (Chrono Boost)  
  64  5:47  Pylon  
  64  5:49  Probe (Chrono Boost)  
  65  5:52  Probe (Chrono Boost)  
  65  5:53  Sentry x2  
  65  5:55  Sentry  
  65  5:56  Sentry  
  74  5:59  Void Ray  
  78  6:04  Immortal  
  82  6:22  Zealot x2  
  82  6:23  Zealot x2  
  90  6:40  Twilight Council  
  90  6:45  Pylon  
  90  6:59  Zealot x2  
  94  7:05  Pylon  
  94  7:07  Gateway  
  94  7:09  Gateway  
  94  7:11  Gateway  
  94  7:14  Gateway  
  94  7:15  Gateway  
  94  7:20  Nexus  
  94  7:22  Probe (Chrono Boost)  
  95  7:23  Probe (Chrono Boost)  
  96  7:33  Probe (Chrono Boost)  
  97  7:40  Immortal  
  97  7:44  Zealot  
  103  8:19  Immortal, Stalker x2  
  109  8:23  Charge  
  109  8:31  Void Ray, Colossus  
  113  8:39  Pylon  
  113  8:40  Probe x2 (Chrono Boost)  
  115  8:41  Probe (Chrono Boost), Pylon  
  115  8:42  Pylon  
  116  8:54  Assimilator  
  116  8:58  Assimilator  
  116  8:59  Sentry x3  
  116  9:00  Sentry  
  116  9:02  Zealot  
  126  9:03  Zealot  
  128  9:14  Void Ray  
  132  9:17  Forge  
  132  9:19  Forge  
  132  9:22  Forge  
  132  9:34  Zealot x3  
  132  9:35  Zealot x3  
  144  9:57  Void Ray  
  148  10:00  Pylon  
  148  10:01  Pylon  
  148  10:05  Pylon  
  148  10:08  Photon Cannon  
  148  10:10  Photon Cannon  
  148  10:12  Photon Cannon  
  148  10:17  Pylon  
  148  10:21  Pylon  
  148  10:23  Pylon  
  148  10:25  Pylon  
  148  10:26  Photon Cannon  
  148  10:28  Probe x2 (Chrono Boost)  
  150  10:31  Photon Cannon  
  150  10:52  Nexus  
  150  10:56  Pylon  
  150  10:58  Zealot x2  
  150  10:59  Zealot, Pylon  
  150  11:03  Pylon  
  156  11:07  Immortal  
  157  11:47  Zealot x4  
  157  11:48  Zealot x5  
  175  11:54  Immortal, Pylon  
  175  12:00  Void Ray  
  182  12:29  Probe x4 (Chrono Boost)  
  186  12:34  Immortal  
  190  12:39  Probe (Chrono Boost), Zealot x4  
  133  13:20  Zealot x7  
  133  13:21  Zealot x2  
Tags
 
Add a new tag
Caveats
  • Supply blocks, unpowered buildings, or Contaminate may cause inaccurate times.
  • Supply counts are checked every 10 seconds.